 Dungeon Crawl Stone Soup version 0.31-a0-702-gf82c85558f (webtiles) character file.

Game seed: 1278433501098269046

35 Kahsius the Grave Robber (level 3, -2/24 HPs)
             Began as a Demonspawn Necromancer on Sept 8, 2023.
             Slain by an iguana (8 damage)
             ... on level 4 of the Dungeon.
             The game lasted 00:06:33 (3305 turns).

Kahsius the Grave Robber (Demonspawn Necromancer)   Turns: 3305, Time: 00:06:34

Health: -2/24      AC:  6    Str:  8    XL:     3   Next: 16%
Magic:  0/6        EV:  8    Int: 18    God:
Gold:   170        SH:  4    Dex: 13    Spells: 6/7 levels left

rFire   . . .        (no weapon)
rCold   . . .        (no shield)
rNeg    . . .        f - +0 scale mail
rPois   .            (no helmet)
rElec   .            (no cloak)
rCorr   .            (no gloves)
SInv    .            (no boots)
Will    .....        (no amulet) Stlth
                     (no ring)
HPRegen 0.24/turn    (no ring)
MPRegen 0.10/turn

%: no passive effects
@: very slightly contaminated
A: condensation shield
a: no special abilities


You were on level 4 of the Dungeon.
You visited 1 branch of the dungeon, and saw 4 of its levels.

You collected 170 gold pieces.

Inventory:

Armour
 a - a +0 robe
 f - a +0 scale mail (worn)
Jewellery
 k - a ring of positive energy
Scrolls
 g - a scroll of amnesia {unknown}
 h - 2 scrolls of identify {unknown}
 j - a scroll of teleportation {unknown}
 l - a scroll of blinking {unknown}
 m - a scroll of enchant weapon {unknown}
 n - 2 scrolls of fear {unknown}
 o - a scroll of silence {unknown}
 p - a scroll of noise {unknown}
Potions
 b - a potion of magic
 c - a potion of haste {unknown}
 d - 6 potions of curing {unknown}
 e - 2 potions of mutation {unknown}
 i - 2 potions of degeneration {unknown}
 q - a potion of heal wounds {unknown}


   Skills:
 - Level 1.7 Dodging
 - Level 1.7 Stealth
 + Level 2.5 Spellcasting
 + Level 5.2 Necromancy


You had 6 spell levels left.
You knew the following spells:

 Your Spells              Type           Power      Damage    Failure   Level
a - Necrotise             Necr           84%        1d8       21%         1

Your spell library contained the following spells:

 Spells                   Type           Power      Damage    Failure   Level
 Vampiric Draining        Necr           21%        2d7       52%         3
 Animate Dead             Necr           21%        N/A       90%         4
 Poisonous Vapours        Pois/Air       4%         N/A       95%         2
 Mephitic Cloud           Conj/Pois/Air  2%         N/A       99%         3
 Agony                    Necr           21%        N/A       99%         5
 Freezing Cloud           Conj/Ice/Air   1%         6-21      100%        5


Dungeon Overview and Level Annotations

Branches:
Dungeon (4/15)
 Temple: D:4-7

Altars:
Ashenzari
Makhleb
Okawaru
Xom


Innate Abilities, Weirdness & Mutations

A meltable shield of frost defends you. (SH +4)


Message History

The kobold hits you but does no damage.
You barely miss the kobold.
The kobold is severely wounded.
You block the kobold's attack.
You barely miss the kobold.
The kobold is severely wounded.
The kobold closely misses you.
You hit the kobold but do no damage.
The kobold is severely wounded.
The kobold hits you but does no damage.
You hit the kobold.
You kill the kobold!
Things that are here:
a +0 dagger; 4 poisoned darts Your magical contamination has completely faded away.
Found an escape hatch in the ceiling.
h - 2 scrolls labelled NUNUHO YMOEDE (gained 1)
There is an escape hatch in the ceiling here.
i - 2 black potions (gained 1)
You now have 170 gold pieces (gained 5).
Found an escape hatch in the floor.
There is an escape hatch in the floor here.
An iguana comes into view.
The iguana hisses angrily.
You miscast Necrotise.
You are very lightly contaminated with residual magic.
Nothing appears to happen.
The iguana barely resists.
You miscast Necrotise.
Nothing appears to happen.
You miscast Necrotise.
Nothing appears to happen.
The iguana writhes in agony.
The iguana bites you!
The iguana writhes in agony.
The iguana bites you.
You closely miss the iguana.
The iguana is moderately wounded.
The iguana bites you!
* * * LOW HITPOINT WARNING * * *
You barely miss the iguana.
The iguana is moderately wounded.
The iguana bites you!
You die...

###### #.... #... #..#
#..# ##.
###############@.#.....
#.........>.....l...#
#.##########.##.#...#
#.# #.##..#.#.# #.#
#.##........
##.##########.###.#.#.##
#..........##.# #...##
#..#######.##.# #...#
#<.# #.##.# 8 .#


You could see an iguana.

Vanquished Creatures
  4 ball pythons
  3 bats
  An endoplasm (D:2)
  2 giant cockroaches (D:1)
  4 goblins
  4 hobgoblins
  A quokka (D:2)
  3 frilled lizards
  6 kobolds
  2 rats
30 creatures vanquished.

Vanquished Creatures (collateral kills)
  A goblin (D:3)
  A rat (D:1)
2 creatures vanquished.

Grand Total: 32 creatures vanquished

Notes
Turn   | Place    | Note
-------+----------+-------------------------------------------
     0 | D:1      | Kahsius the Demonspawn Necromancer began the quest for the
                  | Orb.
     0 | D:1      | Reached XP level 1. HP: 13/13 MP: 3/3
   328 | D:1      | Gained mutation: A meltable shield of frost defends you.
                  | (SH +4) [demonic ancestry]
   328 | D:1      | Reached XP level 2. HP: 19/19 MP: 0/5
   785 | D:1      | Reached skill level 5 in Necromancy
  2097 | D:3      | Reached XP level 3. HP: 24/24 MP: 0/6
  2174 | D:3      | Found a faded altar of an unknown god.
  2200 | D:3      | Found an iron altar of Okawaru.
  2575 | D:3      | Found a burning altar of Makhleb.
  2764 | D:3      | Found a broken altar of Ashenzari.
  2901 | D:3      | Found a shimmering altar of Xom.
  3305 | D:4      | Slain by an iguana

Illustrated notes

Levels and vault maps discovered:
D:1:      ncdulo_halloftheorcs, layout_basic, nicolae_the_louvre
D:2:      layout_basic, serial_curves, eino_curves_02, eino_curves_01
D:3:      layout_loops_corners, mainiacjoe_overflow_chevrons,
          lemuel_round_altar, lemuel_tele_altar, lemuel_coloured_pillars_altar,
          ebering_ecumenical_altar_abandoned
D:4:      layout_loops_ring, mainiacjoe_overflow_catwalk, serial_undead,
          serial_undead_f, serial_undead_c, serial_undead_f, serial_undead_e

Skill      XL: |  1  2 |
---------------+-------+-----
Necromancy     | 5 |  5.2
Dodging        | |  1.7
Stealth        | |  1.7
Spellcasting   | |  2.5

Action                     || total
---------------------------++-------
  Melee: Unarmed           ||    21
         Punch             ||     1
   Cast: Necrotise         ||    56
 Armour: Robe              ||     2
         Scale mail        ||    19
  Dodge: Dodged            ||    10
  Block: Other             ||     4

Table legend: (Time is in decaauts)
 A = Elapsed time spent in this place.
 B = Non-inter-level travel time spent in this place.
 C = Inter-level travel time spent in this place.
 D = Time resting spent in this place.
 E = Time spent auto-exploring this place.
 F = Levels seen in this place.
 G = Mean time per level.
                   A        B        C        D        E       F      G
               +--------+--------+--------+--------+--------+-----+--------+
         Total |   3304 |   3104 |    200 |      0 |   2883 |   4 |  826.0 |
       Dungeon |   3304 |   3104 |    200 |      0 |   2883 |   4 |  826.0 |
               +--------+--------+--------+--------+--------+-----+--------+

Top non-repeatable levels by time:
     D:2: 1076 daAuts
     D:3: 1060 daAuts
     D:1: 1006 daAuts
     D:4: 160 daAuts
